 Dungeon Crawl Stone Soup version 0.32-a0-292-g751ec8d2e7 (webtiles) character file.

Game seed: 3227359798655648054

1 EC1 the Caller (level 1, 0/10 HPs)
             Began as a Deep Elf Summoner on Feb 14, 2024.
             Slain by an endoplasm (2 damage)
             ... on level 1 of the Dungeon.
             The game lasted 00:00:24 (75 turns).

EC1 the Caller (Deep Elf Summoner)                    Turns: 75, Time: 00:00:24

Health: 0/10       AC:  2    Str:  5    XL:     1   Next: 16%
Magic:  4/6        EV: 12    Int: 19    God:
Gold:   3          SH:  0    Dex: 15    Spells: 5/6 levels left

rFire   . . .        (no weapon)
rCold   . . .        (no shield)
rNeg    . . .        a - +0 robe
rPois   .            (no helmet)
rElec   .            (no cloak)
rCorr   .            (no gloves)
SInv    .            (no boots)
Will    .....        (no amulet)
Stlth   ++           (no ring)
HPRegen 0.21/turn    (no ring)
MPRegen 0.10/turn

%: no passive effects
@: no status effects
A: no striking features
a: no special abilities


You were on level 1 of the Dungeon.
You visited 1 branch of the dungeon, and saw 1 of its levels.

You collected 3 gold pieces.

Inventory:

Armour
 a - a +0 robe (worn)
Scrolls
 c - a scroll of amnesia {unknown}
Potions
 b - a potion of magic


   Skills:
 + Level 2.4 Dodging
 + Level 2.4 Stealth
 + Level 3.0 Spellcasting
 + Level 4.4 Summonings


You had 5 spell levels left.
You knew the following spells:

 Your Spells              Type           Power      Damage    Failure   Level
a - Summon Small Mammal   Summ           76%        N/A       2%          1

Your spell library contained the following spells:

 Spells                   Type           Power      Damage    Failure   Level
 Call Imp                 Summ           38%        N/A       3%          2
 Call Canine Familiar     Summ           19%        N/A       8%          3
 Summon Blazeheart Golem  Fire/Summ      11%        N/A       52%         4
 Summon Lightning Spire   Summ/Air       11%        N/A       52%         4


Dungeon Overview and Level Annotations

Branches:
Dungeon (1/15)

Altars:


Message History

Aim: a bat Attack!
The bat hits you but does no damage.
The quokka twitches its whiskers.
The bat completely misses you.
The endoplasm hits your quokka but does no damage.
You swap places.
The bat hits your quokka but does no damage.
The bat closely misses your quokka. The endoplasm hits you.
You hit the endoplasm.
The endoplasm is lightly wounded.
The bat completely misses your quokka. The bat barely misses your quokka.
The endoplasm misses you.
You hit the endoplasm but do no damage.
The kobold shouts!
The bat hits your quokka but does no damage.
The endoplasm closely misses you.
You hit the endoplasm.
The endoplasm is moderately wounded.
The bat barely misses your quokka. The endoplasm freezes you.
You are frozen.
You hit the endoplasm.
The endoplasm is heavily wounded.
The bat completely misses your quokka.
The giant cockroach waves its antennae.
The endoplasm closely misses you.
You hit the endoplasm but do no damage.
The endoplasm is heavily wounded.
The bat closely misses your quokka. x2
The endoplasm hits you but does no damage.
You hit the endoplasm.
The endoplasm is severely wounded.
The bat closely misses your quokka. The bat barely misses your quokka.
The endoplasm freezes you.
You are frozen.
* * * LOW HITPOINT WARNING * * *
You hit the endoplasm but do no damage.
The endoplasm is severely wounded.
The bat barely misses your quokka. The endoplasm hits you.
You die...

..................###....... .
.⌠....##+##....⌠...#......# ..
......#...#........#......## .#.
......'ß.ß'........#.......##....
########'###########...........#
#......................##
############.#..........#
#########r#............
#...KJ@rbBBg........!.>
#.#######g#.......#....
#r#..#....# ### ..#.......#
.#.#.......# #............. .
....######## .. .....


You could see an endoplasm (ally target), a quokka, 2 giant cockroaches, 2
hobgoblins, a bat, a kobold and a friendly quokka (summoned).

Vanquished Creatures (collateral kills)
  A rat (D:1)
1 creature vanquished.

Notes
Turn   | Place    | Note
-------+----------+-------------------------------------------
     0 | D:1      | EC1 the Deep Elf Summoner began the quest for the Orb.
     0 | D:1      | Reached XP level 1. HP: 10/10 MP: 6/6
    75 | D:1      | Slain by an endoplasm

Illustrated notes

Levels and vault maps discovered:
D:1:      giann_wishing_wells, layout_basic, minmay_surrounded

Action                     || total
---------------------------++-------
  Melee: Unarmed           ||     7
   Cast: Summon Small Mamm ||     5
 Armour: Robe              ||     8
  Dodge: Dodged            ||    13

Table legend: (Time is in decaauts)
 A = Elapsed time spent in this place.
 B = Non-inter-level travel time spent in this place.
 C = Inter-level travel time spent in this place.
 D = Time resting spent in this place.
 E = Time spent auto-exploring this place.
 F = Levels seen in this place.
 G = Mean time per level.
                   A        B        C        D        E       F      G
               +--------+--------+--------+--------+--------+-----+--------+
         Total |     75 |     75 |      0 |      0 |     21 |   1 |   75.0 |
       Dungeon |     75 |     75 |      0 |      0 |     21 |   1 |   75.0 |
               +--------+--------+--------+--------+--------+-----+--------+

Top non-repeatable levels by time:
     D:1: 75 daAuts
